| TOP OF THE 1ST |
|
Kennewick Bear Cubs batting - Pitching for Coos Bay-North Bend Blue Soxs : LHP Vicente Robles
|
|
Pitching: LHP Vicente Robles
|
|
|
Batting: RHB Matthew Sferrazza
|
0-0: Ball 1-0: Ground out 6-3 (Groundball, 6S, EV 65.6 MPH)
|
|
Batting: SHB Eriberto Them
|
0-0: Ball 1-0: Ball 2-0: Foul Ball, location: 2F 2-1: Ball 3-1: Fly out, F7 (Flyball, 7, EV 91.3 MPH)
|
|
Batting: RHB Jonathan Black
|
0-0: Ball 1-0: Ball 2-0: Ground out 5-3 (Groundball, 56, EV 77.5 MPH)
|
| Top of the 1st over - 0 runs, 0 hits, 0 errors, 0 left on base; Kennewick 0 - Coos Bay-North Bend 0 |
| BOTTOM OF THE 1ST |
|
Coos Bay-North Bend Blue Soxs batting - Pitching for Kennewick Bear Cubs : LHP Ramon Mascorro
|
|
Pitching: LHP Ramon Mascorro
|
|
|
Batting: LHB Dwight Taylor
|
0-0: Fly out, F9 (Flyball, 9, EV 83.8 MPH)
|
|
Batting: RHB Danny Quintana
|
0-0: Ball 1-0: SINGLE (Groundball, 4D, EV 98.8 MPH)
|
|
Batting: LHB Curt Reed
|
0-0: SINGLE (Groundball, 6D, EV 106.3 MPH) Danny Quintana to second
|
|
Batting: RHB Bob Gergen
|
0-0: Ball 1-0: Called Strike 1-1: Ball 2-1: Reached via error on a dropped throw from P, E6 (Groundball, 13, EV 68.8 MPH) Danny Quintana to third Curt Reed to second
|
|
Batting: RHB Brian Stemberger
|
0-0: Ball 1-0: Ball 2-0: Fielders Choice at 2nd, 4-6 (Groundball, 4M, EV 92.5 MPH) Danny Quintana scores Curt Reed to third
|
|
Batting: RHB Bob Glendening
|
0-0: Foul Ball, location: 2F 0-1: Fly out, F9 (Flyball, 89D, EV 95.6 MPH)
|
| Bottom of the 1st over - 1 run, 2 hits, 1 error, 2 left on base; Kennewick 0 - Coos Bay-North Bend 1 |
| TOP OF THE 2ND |
|
Kennewick Bear Cubs batting - Pitching for Coos Bay-North Bend Blue Soxs : LHP Vicente Robles
|
|
Batting: LHB Jose Birriel
|
0-0: Called Strike 0-1: Swinging Strike 0-2: Foul Ball, location: 2F 0-2: Ball 1-2: Fly out, F4 (Popup, 4MD, EV 53.8 MPH)
|
|
Batting: RHB Ruben Machado
|
0-0: Ball 1-0: SINGLE (Groundball, 6MD, EV 100.0 MPH)
|
|
Batting: LHB Steven Morris
|
0-0: Ball 1-0: Called Strike 1-1: Swinging Strike 1-2: Ball 2-2: Fly out, F9 (Flyball, 9LM, EV 87.5 MPH)
|
|
Batting: RHB Roger Jensen
|
0-0: Ball 1-0: Ground out 6-3 (Groundball, 56, EV 106.9 MPH)
|
| Top of the 2nd over - 0 runs, 1 hit, 0 errors, 1 left on base; Kennewick 0 - Coos Bay-North Bend 1 |
| BOTTOM OF THE 2ND |
|
Coos Bay-North Bend Blue Soxs batting - Pitching for Kennewick Bear Cubs : LHP Ramon Mascorro
|
|
Batting: RHB Mark Miller
|
0-0: Ball 1-0: Swinging Strike 1-1: Ball 2-1: Foul Ball, location: 2F 2-2: Fly out, F7 (Flyball, 7LM, EV 91.9 MPH)
|
|
Batting: RHB James Jeffries
|
0-0: Ball 1-0: Called Strike 1-1: Called Strike 1-2: Ball 2-2: Foul Ball, location: 2F 2-2: Ball 3-2: Fly out, F8 (Flyball, 78D, EV 101.3 MPH)
|
|
Batting: RHB Henry Noble
|
0-0: Called Strike 0-1: Ball 1-1: Swinging Strike 1-2: Ball 2-2: Fly out, F9 (Flyball, 9LM, EV 82.5 MPH)
|
| Bottom of the 2nd over - 0 runs, 0 hits, 0 errors, 0 left on base; Kennewick 0 - Coos Bay-North Bend 1 |
| TOP OF THE 3RD |
|
Kennewick Bear Cubs batting - Pitching for Coos Bay-North Bend Blue Soxs : LHP Vicente Robles
|
|
Batting: RHB Kenneth Whitfield
|
0-0: Swinging Strike 0-1: Foul Ball, location: 2F 0-2: Ground out 6-3 (Groundball, 6, EV 81.9 MPH)
|
|
Batting: RHB John Ackley
|
0-0: Called Strike 0-1: Ball 1-1: Ball 2-1: Ball 3-1: Base on Balls
|
|
Batting: RHB Matthew Sferrazza
|
0-0: Ball 1-0: Ball 2-0: Called Strike 2-1: Ball 3-1: Base on Balls John Ackley to second
|
|
Batting: SHB Eriberto Them
|
0-0: Fly out, F8 (Flyball, 8RXD, EV 88.1 MPH) Runner from 2nd tags up, SAFE at 3rd, no throw by CF
|
|
Batting: RHB Jonathan Black
|
0-0: Ball 1-0: Ball 2-0: Foul Ball, location: 2F 2-1: Ball 3-1: SINGLE (Groundball, 56D, EV 100.6 MPH) John Ackley scores Matthew Sferrazza to second
|
|
Batting: LHB Jose Birriel
|
0-0: Foul Ball, location: 2F 0-1: Foul Ball, location: 2F 0-2: Ball 1-2: Ground out 6-3 (Groundball, 6MS, EV 85.6 MPH)
|
| Top of the 3rd over - 1 run, 1 hit, 0 errors, 2 left on base; Kennewick 1 - Coos Bay-North Bend 1 |
| BOTTOM OF THE 3RD |
|
Coos Bay-North Bend Blue Soxs batting - Pitching for Kennewick Bear Cubs : LHP Ramon Mascorro
|
|
Batting: LHB Dwight Taylor
|
0-0: Ball 1-0: Ground out 4-3 (Groundball, 4, EV 93.8 MPH)
|
|
Batting: RHB Danny Quintana
|
0-0: Called Strike 0-1: Ball 1-1: Fly out, F9 (Flyball, 9, EV 90.0 MPH)
|
|
Batting: LHB Curt Reed
|
0-0: Foul Ball, location: 2F 0-1: Ball 1-1: Ball 2-1: Ball 3-1: Called Strike 3-2: Strikes out swinging
|
| Bottom of the 3rd over - 0 runs, 0 hits, 0 errors, 0 left on base; Kennewick 1 - Coos Bay-North Bend 1 |
| TOP OF THE 4TH |
|
Kennewick Bear Cubs batting - Pitching for Coos Bay-North Bend Blue Soxs : LHP Vicente Robles
|
|
Batting: RHB Ruben Machado
|
0-0: SINGLE (Groundball, 6MD, EV 96.3 MPH)
|
|
Batting: LHB Steven Morris
|
0-0: Ball 1-0: Foul Ball, location: 2F 1-1: Ball Wild Pitch! Ruben Machado to second 2-1: Called Strike 2-2: Ball 3-2: Foul Ball, location: 2F 3-2: Fly out, F8 (Flyball, 8LXD, EV 105.0 MPH) Runner from 2nd tags up, SAFE at 3rd, no throw by CF
|
|
Batting: RHB Roger Jensen
|
0-0: Fly out, F9 (Flyball, 89M, EV 86.3 MPH) Runner from 3rd tags up, SCORES, throw by RF
|
|
Now in RF: Alexander Delano
|
|
|
Batting: RHB Kenneth Whitfield
|
0-0: Ball 1-0: Ball 2-0: Called Strike 2-1: Foul Ball, location: 2F 2-2: Ground out 4-3 (Groundball, 34D, EV 87.5 MPH)
|
| Top of the 4th over - 1 run, 1 hit, 0 errors, 0 left on base; Kennewick 2 - Coos Bay-North Bend 1 |
| BOTTOM OF THE 4TH |
|
Coos Bay-North Bend Blue Soxs batting - Pitching for Kennewick Bear Cubs : LHP Ramon Mascorro
|
|
Batting: RHB Bob Gergen
|
0-0: Foul Ball, location: 2F 0-1: Ball 1-1: Ground out 5-3 (Groundball, 56D, EV 82.5 MPH)
|
|
Batting: RHB Brian Stemberger
|
0-0: Foul Ball, location: 2F 0-1: Fly out, F6 (Popup, 6MS, EV 70.0 MPH)
|
|
Batting: RHB Bob Glendening
|
0-0: Ball 1-0: SINGLE (Groundball, 25, EV 75.0 MPH) (infield hit)
|
|
Batting: RHB Alexander Delano
|
0-0: Swinging Strike 0-1: Called Strike 0-2: Ball 1-2: Strikes out swinging
|
| Bottom of the 4th over - 0 runs, 1 hit, 0 errors, 1 left on base; Kennewick 2 - Coos Bay-North Bend 1 |
| TOP OF THE 5TH |
|
Kennewick Bear Cubs batting - Pitching for Coos Bay-North Bend Blue Soxs : LHP Vicente Robles
|
|
Batting: RHB John Ackley
|
0-0: Called Strike 0-1: Ball 1-1: Foul Ball, location: 2F 1-2: Fly out, F7 (Flyball, 78D, EV 103.8 MPH)
|
|
Batting: RHB Matthew Sferrazza
|
0-0: Ball 1-0: Foul Ball, location: 2F 1-1: Swinging Strike 1-2: SINGLE (Groundball, 6M, EV 78.1 MPH) (infield hit)
|
|
Batting: SHB Eriberto Them
|
0-0: Ball 1-0: Ball 2-0: Called Strike 2-1: Called Strike Matthew Sferrazza steals 2nd base (no throw) 2-2: SINGLE (Line Drive, 8RS, EV 104.4 MPH) Matthew Sferrazza to third Runner from 3rd tries for Home, SAFE, throw by CF to home
|
|
Batting: RHB Jonathan Black
|
0-0: Ball 1-0: Ball 2-0: Ball 3-0: Base on Balls Eriberto Them to second
|
|
Batting: LHB Jose Birriel
|
0-0: Ball 1-0: Foul Ball, location: 2F 1-1: Ball 2-1: SINGLE (Groundball, 4D, EV 95.0 MPH) Eriberto Them to third Jonathan Black to second Runner from 3rd tries for Home, SAFE, throw by CF to home
|
|
Batting: RHB Ruben Machado
|
0-0: Called Strike 0-1: Ball 1-1: Grounds into double play, 5-4-3 (Groundball, 56, EV 93.8 MPH)
|
| Top of the 5th over - 2 runs, 3 hits, 0 errors, 1 left on base; Kennewick 4 - Coos Bay-North Bend 1 |
| BOTTOM OF THE 5TH |
|
Coos Bay-North Bend Blue Soxs batting - Pitching for Kennewick Bear Cubs : LHP Ramon Mascorro
|
|
Batting: RHB James Jeffries
|
0-0: Fly out, F8 (Line Drive, 8RD, EV 84.4 MPH)
|
|
Batting: RHB Henry Noble
|
0-0: Ball 1-0: Ball 2-0: Fly out, F8 (Line Drive, 8RD, EV 103.1 MPH)
|
|
Batting: LHB Dwight Taylor
|
0-0: Ball 1-0: Called Strike 1-1: Ball 2-1: SINGLE (Flyball, 8LS, EV 92.5 MPH)
|
|
Batting: RHB Danny Quintana
|
0-0: Called Strike 0-1: Ball 1-1: Ball 2-1: Foul Ball, location: 2F 2-2: Ground out 4-3 (Groundball, 4D, EV 98.8 MPH)
|
| Bottom of the 5th over - 0 runs, 1 hit, 0 errors, 1 left on base; Kennewick 4 - Coos Bay-North Bend 1 |
| TOP OF THE 6TH |
|
Kennewick Bear Cubs batting - Pitching for Coos Bay-North Bend Blue Soxs : LHP Vicente Robles
|
|
Batting: LHB Steven Morris
|
0-0: Fly out, F8 (Flyball, 8LM, EV 94.4 MPH)
|
|
Batting: RHB Roger Jensen
|
0-0: Called Strike 0-1: Ball 1-1: Ball 2-1: Ground out 3-1 (Groundball, 34S, EV 88.8 MPH)
|
|
Batting: RHB Kenneth Whitfield
|
0-0: Foul Ball, location: 2F 0-1: Ball 1-1: Ball 2-1: Fly out, F8 (Line Drive, 8RD, EV 89.4 MPH)
|
| Top of the 6th over - 0 runs, 0 hits, 0 errors, 0 left on base; Kennewick 4 - Coos Bay-North Bend 1 |
| BOTTOM OF THE 6TH |
|
Coos Bay-North Bend Blue Soxs batting - Pitching for Kennewick Bear Cubs : LHP Ramon Mascorro
|
|
Batting: LHB Curt Reed
|
0-0: Called Strike 0-1: Ball 1-1: Ball 2-1: Ball 3-1: Foul Ball, location: 2F 3-2: Foul Ball, location: 2F 3-2: Base on Balls
|
|
Batting: RHB Bob Gergen
|
0-0: Fielders Choice at 2nd, 1-4 (Groundball, 15S, EV 63.1 MPH)
|
|
Batting: RHB Brian Stemberger
|
0-0: Ball 1-0: Foul Ball, location: 2F 1-1: Ball 2-1: Hit by Pitch Bob Gergen to second
|
|
Batting: RHB Bob Glendening
|
0-0: Swinging Strike 0-1: Called Strike 0-2: Foul Ball, location: 2F 0-2: Foul Ball, location: 2F 0-2: Foul Ball, location: 2F 0-2: Ball 1-2: Ball 2-2: Ball 3-2: Foul Ball, location: 2F 3-2: SINGLE (Line Drive, 7S, EV 100.0 MPH) Bob Gergen to third Brian Stemberger to second
|
|
Batting: RHB Alexander Delano
|
0-0: Ball 1-0: Called Strike 1-1: Ball 2-1: Ball 3-1: Fly out, F9 (Flyball, 9, EV 91.3 MPH) Runner from 3rd tags up, SCORES, no throw by RF
|
|
Batting: RHB James Jeffries
|
0-0: Called Strike 0-1: Called Strike 0-2: Foul Ball, location: 2F 0-2: Foul Ball, location: 2F 0-2: Ball 1-2: Ball 2-2: Fly out, F9 (Flyball, 9S, EV 91.3 MPH)
|
| Bottom of the 6th over - 1 run, 1 hit, 0 errors, 2 left on base; Kennewick 4 - Coos Bay-North Bend 2 |
| TOP OF THE 7TH |
|
Kennewick Bear Cubs batting - Pitching for Coos Bay-North Bend Blue Soxs : LHP Vicente Robles
|
|
Batting: RHB John Ackley
|
0-0: Ball 1-0: Called Strike 1-1: Swinging Strike 1-2: Strikes out swinging
|
|
Batting: RHB Matthew Sferrazza
|
0-0: SOLO HOME RUN (Flyball, 7LD, EV 88.1 MPH), Distance : 350 ft
|
|
Batting: SHB Eriberto Them
|
0-0: Called Strike 0-1: Ball 1-1: Called Strike 1-2: Ball 2-2: Foul Ball, location: 2F 2-2: Ball 3-2: Strikes out swinging
|
|
Batting: RHB Jonathan Black
|
0-0: Foul Ball, location: 2F 0-1: Swinging Strike 0-2: Foul Ball, location: 2F 0-2: Foul Ball, location: 2F 0-2: Ball 1-2: SINGLE (Groundball, 56D, EV 96.3 MPH)
|
|
Batting: LHB Jose Birriel
|
0-0: Ball 1-0: Ball 2-0: Foul Ball, location: 2F 2-1: Foul Ball, location: 2F 2-2: Fly out, F9 (Flyball, 89XD, EV 85.0 MPH)
|
| Top of the 7th over - 1 run, 2 hits, 0 errors, 1 left on base; Kennewick 5 - Coos Bay-North Bend 2 |
| BOTTOM OF THE 7TH |
|
Coos Bay-North Bend Blue Soxs batting - Pitching for Kennewick Bear Cubs : LHP Ramon Mascorro
|
|
Batting: RHB Henry Noble
|
0-0: Fly out, F9 (Flyball, 9LS, EV 93.1 MPH)
|
|
Batting: LHB Dwight Taylor
|
0-0: Ball 1-0: Called Strike 1-1: Ball 2-1: Ball 3-1: Base on Balls
|
|
Batting: RHB Danny Quintana
|
0-0: Ball 1-0: Fielders Choice at 2nd, 6-4 (Groundball, 56, EV 107.5 MPH)
|
|
Batting: LHB Curt Reed
|
0-0: Ball 1-0: Ground out 4-3 (Groundball, 4, EV 100.0 MPH)
|
| Bottom of the 7th over - 0 runs, 0 hits, 0 errors, 1 left on base; Kennewick 5 - Coos Bay-North Bend 2 |
| TOP OF THE 8TH |
|
Kennewick Bear Cubs batting - Pitching for Coos Bay-North Bend Blue Soxs : LHP Vicente Robles
|
|
Pitching: LHP Richard Baca
|
|
|
Batting: RHB Ruben Machado
|
0-0: Ground out U3 (Groundball, 3L, EV 76.9 MPH)
|
|
Batting: LHB Steven Morris
|
0-0: Ball 1-0: Ball 2-0: Ball 3-0: Base on Balls
|
|
Batting: RHB Roger Jensen
|
0-0: Ball 1-0: Called Strike 1-1: Swinging Strike 1-2: Strikes out swinging
|
|
Batting: RHB Kenneth Whitfield
|
0-0: Foul Ball, location: 2F 0-1: Ground out 2-3 (Groundball, 15S, EV 78.1 MPH)
|
| Top of the 8th over - 0 runs, 0 hits, 0 errors, 1 left on base; Kennewick 5 - Coos Bay-North Bend 2 |
| BOTTOM OF THE 8TH |
|
Coos Bay-North Bend Blue Soxs batting - Pitching for Kennewick Bear Cubs : LHP Ramon Mascorro
|
|
Batting: RHB Bob Gergen
|
0-0: Called Strike 0-1: Ball 1-1: Ball 2-1: Ball 3-1: Fly out, F8 (Line Drive, 8RD, EV 96.3 MPH)
|
|
Batting: RHB Brian Stemberger
|
0-0: Called Strike 0-1: Ball 1-1: Foul Ball, location: 2F 1-2: Strikes out swinging
|
|
Batting: RHB Bob Glendening
|
0-0: Ball 1-0: Swinging Strike 1-1: Fly out, F8 (Flyball, 78D, EV 103.1 MPH)
|
| Bottom of the 8th over - 0 runs, 0 hits, 0 errors, 0 left on base; Kennewick 5 - Coos Bay-North Bend 2 |
| TOP OF THE 9TH |
|
Kennewick Bear Cubs batting - Pitching for Coos Bay-North Bend Blue Soxs : LHP Richard Baca
|
|
Batting: RHB John Ackley
|
0-0: Ball 1-0: Called Strike 1-1: Swinging Strike 1-2: Strikes out swinging
|
|
Batting: RHB Matthew Sferrazza
|
0-0: Called Strike 0-1: Ball 1-1: Called Strike 1-2: Ball 2-2: Foul Ball, location: 2F 2-2: Ball 3-2: Base on Balls
|
|
Batting: SHB Eriberto Them
|
0-0: Ball 1-0: Foul Ball, location: 2F 1-1: Foul Ball, location: 2F 1-2: Ball 2-2: SINGLE (Groundball, 56D, EV 100.6 MPH) Matthew Sferrazza to second Runner from 2nd tries for 3rd, SAFE, no throw by LF
|
|
Batting: RHB Jonathan Black
|
0-0: Called Strike 0-1: Ball 1-1: Ball 2-1: Called Strike 2-2: Ball 3-2: Fly out, F9 (Flyball, 89S, EV 82.5 MPH)
|
|
Batting: LHB Jose Birriel
|
0-0: Called Strike 0-1: Ball 1-1: SINGLE (Line Drive, 89S, EV 111.3 MPH) Matthew Sferrazza scores Eriberto Them to second
|
|
Batting: RHB Ruben Machado
|
0-0: Fielders Choice at 2nd, U4 (Groundball, 4M, EV 92.5 MPH)
|
| Top of the 9th over - 1 run, 2 hits, 0 errors, 2 left on base; Kennewick 6 - Coos Bay-North Bend 2 |
| BOTTOM OF THE 9TH |
|
Coos Bay-North Bend Blue Soxs batting - Pitching for Kennewick Bear Cubs : LHP Ramon Mascorro
|
|
Pitching: LHP Dan Yokubaitis
|
|
|
Batting: RHB Alexander Delano
|
0-0: Ball 1-0: Called Strike 1-1: Called Strike 1-2: Ball 2-2: Ball 3-2: Base on Balls
|
|
Batting: RHB James Jeffries
|
0-0: Called Strike 0-1: SINGLE (Groundball, 6MD, EV 95.0 MPH) Alexander Delano to second
|
|
Batting: RHB Henry Noble
|
0-0: Ball 1-0: Ball 2-0: Called Strike 2-1: Swinging Strike 2-2: Ball 3-2: Fly out, F9 (Flyball, 89M, EV 85.6 MPH)
|
|
Batting: LHB Dwight Taylor
|
0-0: Foul Ball, location: 2F 0-1: Foul Ball, location: 2F 0-2: Ball 1-2: Foul Ball, location: 2F 1-2: Strikes out swinging
|
|
Batting: RHB Danny Quintana
|
0-0: Called Strike 0-1: Ball 1-1: Foul Ball, location: 2F 1-2: Strikes out swinging
|
| Bottom of the 9th over - 0 runs, 1 hit, 0 errors, 2 left on base; Kennewick 6 - Coos Bay-North Bend 2 |
|